 Dungeon Crawl Stone Soup version bcrawl-1.13.5 (webtiles) character file.

Game seed: 9525567583307086863

163 Anmu the Conjurer (level 5, -9/31 HPs)
             Began as a Fairy Conjurer on Sept 1, 2019.
             Killed from afar by an electric eel (10 damage)
             ... with a bolt of electricity
             ... on level 3 of the Dungeon.
             The game lasted 00:05:13 (1855 turns).

Anmu the Conjurer (Fairy Conjurer)                  Turns: 1855, Time: 00:05:14

Health: -9/31      AC:  7    Str:  6    XL:     5   Next: 44%
Magic:  11/13      EV: 18    Int: 20    God:
Gold:   212        SH:  4    Dex: 14    Spells: 8/12 levels left

rFire    . . .     SeeInvis .   (weapon restricted)
rCold    . . .     Gourm    .   (shield restricted)
rNeg     . . .     Faith    .   (armour unavailable)
rPois    .         Spirit   .   d - +0 helmet
rElec    .         Reflect  .   (no cloak)
rCorr    .         Harm     .   g - +1 pair of gloves
MR       .....                  (no boots)
Stlth    +.........             (no amulet)
HPRegen  0.10/turn              n - +2 ring of dexterity
MPRegen  0.13/turn              (no ring)

@: flying evasively
A: small, magic attunement, unstealthy, unfitting armour, able to fly, AC/SH +4
a: Stop Flying


You were on level 3 of the Dungeon.
You were not hungry.

You visited 1 branch of the dungeon, and saw 3 of its levels.

You collected 212 gold pieces.

Inventory:

Armour
 d - a +0 helmet (worn)
 g - a +1 pair of gloves (worn)
Jewellery
 n - a +2 ring of dexterity (left hand)
 o - an uncursed ring of fire
Wands
 c - a wand of flame (12)
Scrolls
 a - a scroll of teleportation
 e - a scroll of enchant armour
 h - a scroll of enchant weapon
 k - a scroll of immolation
 m - a scroll of remove curse
Potions
 i - 2 potions of brilliance
Comestibles
 b - 3 rations {!d}
 s - 2 chunks of flesh


   Skills:
 * Level 4.2 Dodging
 + Level 1.8 Stealth
 + Level 4.1 Spellcasting
 + Level 6.3 Conjurations


You had 8 spell levels left.
You knew the following spells:

 Your Spells              Type           Power        Failure   Level  Hunger
a - Magic Dart            Conj           ####         1%          1    None
b - Iskenderun's Mystic   Conj           ####....     2%          3    None

Your spell library contained the following spells:

 Spells                   Type           Power        Failure   Level  Hunger
 Searing Ray              Conj           ####..       1%          2    None
 Fulminant Prism          Conj/Hex       ###.......   34%         4    None
 Irradiate                Conj/Tmut      ###.......   67%         5    None


Dungeon Overview and Level Annotations

Branches:
Dungeon (3/12)

Altars:

Annotations:
D:3 1 transporter


Innate Abilities, Weirdness & Mutations

Your spells do not cause hunger and MP costs are reduced by 1.
Your bright wings attract enemies. (Stealth-)
You cannot fit into any form of body armour.
Your shimmering scales are hard and can block incoming attacks. (AC +4, SH +4)
You are small and have problems with some larger weapons.
You can fly continuously.


Message History

You recover from your berserk rage.
It was a potion of cancellation.
You feel magically purged.
You enter the transporter and appear at another place.
c - a wand of flame (12)
You reach down and open the door.
The electric eel shoots out a bolt of lightning at you!
The bolt of electricity hits you! x2
The electric eel shoots out a bolt of lightning at you!
The bolt of electricity hits you!
* * * LOW HITPOINT WARNING * * *
Casting: Magic Dart (safe; 1% risk of failure)
Confirm with . or Enter, or press ? or * to list all spells.
Aiming: Iskenderun's Mystic Blast (safe; 2% risk of failure)
Press: ? - help, Shift-Dir - straight line, f - electric eel
Aim: an electric eel The orb of energy hits the electric eel.
The electric eel is moderately wounded.
The electric eel shoots out a bolt of lightning at you!
The bolt of electricity hits you!
You die...

*,,_,.#####* #.............#
*,,8,,.....###.###.#.......##
*,,_,,*>....................###
*,,,..#.##.###.##..............
**,,........................##.
****##.###.###############.#*,
#.###.#8P#;;≈≈≈≈≈#P8#.##.
*#.....#..#..≈≈P≈≈#..#..#.
#..#..©#©@'..;♣≈≈≈+?©#©...
#,*##..#..#..P≈P≈P#..#....
*****,**##.#8P#≈≈≈≈≈≈≈#P8#.##.
*,,,,,,,*#.###############.##.
*,***,*,*#..................#.
*,**,,,,,####.........####....
*,**,*,,,,,,+.........+,,.....
*,**,,,,,***#.........#**#...#
*,,,,,,,** ##.......## ##.##


You could see 3 electric eels.

Vanquished Creatures
  A bullfrog skeleton (D:3)
  An orc wizard (D:3)
  2 adders (D:3)
  An ooze (D:1)
  3 worms
  2 dart slugs
  3 leopard geckos
  3 orcs (D:3)
  2 ball pythons
  2 giant cockroaches
  10 goblins
  5 hobgoblins
  4 quokkas
  8 bats
  3 frilled lizards
  12 kobolds
  5 rats
67 creatures vanquished.

Notes
Turn   | Place    | Note
-------+----------+-------------------------------------------
     0 | D:1      | Anmu the Fairy Conjurer began the quest for the Orb.
     0 | D:1      | Reached XP level 1. HP: 11/11 MP: 6/6
   109 | D:1      | Reached skill level 5 in Conjurations
   136 | D:1      | Reached XP level 2. HP: 15/17 MP: 7/7
   295 | D:1      | Reached XP level 3. HP: 21/21 MP: 9/9
  1127 | D:2      | Reached XP level 4. HP: 27/27 MP: 10/10
  1356 | D:3      | Reached skill level 6 in Conjurations
  1364 | D:3      | Learned a level 3 spell: Iskenderun's Mystic Blast
  1497 | D:3      | Reached XP level 5. HP: 31/31 MP: 7/12
  1597 | D:3      | Found a transporter.
  1618 | D:3      | Found a transporter.
  1854 | D:3      | HP: 1/31 [electric eel/bolt of electricity (13)]
  1855 | D:3      | Killed from afar by an electric eel

Skill      XL: |  1  2  3  4  5 |
---------------+----------------+-----
Conjurations   | 5 6 |  6.3
Dodging        | 3 4 |  4.2
Spellcasting   | 3 4 |  4.1
Stealth        | |  1.8

Action                   |  1- 3 |  4- 6 || total
-------------------------+-------+-------++-------
 Cast: Magic Dart        |    90 |    47 ||   137
       Iskenderun's Myst |       |     8 ||     8
  Use: Scroll            |       |    10 ||    10
       Potion            |       |     2 ||     2
  Eat: Chunk             |       |     3 ||     3
Armor: Skin              |     3 |     3 ||     6
Dodge: Dodged            |    11 |     9 ||    20
Block: Other             |     2 |     2 ||     4
